 Dungeon Crawl Stone Soup version 0.28.0-43-g3370ac3207 (webtiles) character file.

Game seed: 8331079402114088037

609 demenzo the Cutter (level 7, 0/54 HPs)
             Began as a Vampire Cinder Acolyte on Mar 28, 2022.
             Was a High Priest of Ignis.
             Slain by a water moccasin (4 damage)
             ... on level 5 of the Dungeon.
             The game lasted 00:10:38 (5936 turns).

demenzo the Cutter (Vampire Cinder Acolyte)         Turns: 5936, Time: 00:10:39

Health: 0/54       AC:  3    Str: 13    XL:     7   Next: 19%
Magic:  5/11       EV: 10    Int: 24    God:    Ignis [*****.]
Gold:   116        SH:  0    Dex: 10    Spells: 10/12 levels left

rFire   + + .      SeeInvis +   a - +2 dagger (speed)
rCold   . . .      Faith    .   (no shield)
rNeg    . . .      Spirit   .   g - +0 leather armour
rPois   .          Reflect  .   (no helmet)
rElec   .          Harm     .   (no cloak)
rCorr   .          Rampage  .   (no gloves)
Will    .....                   (no boots)
Stlth   ++........              (no amulet)
HPRegen 0.38/turn               o - ring of protection from fire
MPRegen 0.12/turn               k - +6 ring of intelligence

@: lethally poisoned (0 -> -22), very slightly contaminated, healing quickly
A: alive, fangs 3, see invisible, vampiric 2
a: Exsanguinate, Renounce Religion, Fiery Armour, Foxfire Swarm, Rising Flame


You were on level 5 of the Dungeon.
You worshipped Ignis.
Ignis was extremely pleased with you.
You visited 2 branches of the dungeon, and saw 6 of its levels.

You collected 245 gold pieces.
You spent 129 gold pieces at shops.

Inventory:

Hand Weapons
 a - a +2 dagger of speed (weapon)
 x - a +0 hand crossbow
 y - a -1 short sword of flaming
Missiles
 d - 3 boomerangs (quivered)
 e - 106 stones
 f - 54 bolts
Armour
 g - a +0 leather armour (worn)
 q - a +0 robe
Magical Staves
 b - a staff of fire
 w - a staff of fire
Jewellery
 h - a ring of resist corrosion
 k - a +6 ring of intelligence (right hand)
 o - a ring of protection from fire (left hand)
 t - a ring of positive energy
Wands
 v - a wand of acid (5)
Scrolls
 i - 5 scrolls of identify {unknown}
 l - 2 scrolls of enchant armour {unknown}
 n - 4 scrolls of teleportation {unknown}
 r - 2 scrolls of vulnerability {unknown}
 B - a scroll of blinking {unknown}
 D - 2 scrolls of magic mapping {unknown}
Potions
 c - 3 potions of berserk rage {unknown}
 j - a potion of curing {unknown}
 m - 2 potions of haste {unknown}
 p - a potion of cancellation {unknown}
 s - 3 potions of heal wounds {unknown}
 u - 2 potions of magic {unknown}
 z - a potion of lignification {unknown}
 A - a potion of flight {unknown}
 C - a potion of attraction {unknown}


   Skills:
 + Level 4.0 Fighting
 * Level 6.2 Short Blades
 + Level 4.8 Stealth
 + Level 3.0 Spellcasting
 - Level 3.0 Fire Magic


You had 10 spell levels left.
You knew the following spells:

 Your Spells              Type           Power      Damage    Failure   Level
a - Scorch                Fire           36%        2d6       6%          2

Your spell library contained the following spells:

 Spells                   Type           Power      Damage    Failure   Level
 Ozocubu's Armour         Ice            3%         N/A       38%         3
 Ozocubu's Refrigeration  Ice            1%         4d5       100%        7


Dungeon Overview and Level Annotations

Branches:
Dungeon (5/15)             Temple (1/1) D:4

Altars:
Ashenzari
Cheibriados
Dithmenos
Elyvilon
Fedhas
Hepliaklqana
Kikubaaqudgha
Makhleb
Qazlal
Ru
Sif Muna
Trog
Uskayaw
Vehumet
Wu Jian
Xom
Yredelemnul
Zin

Shops:
D:2 (   D:3 *

Annotations:
D:4 2 transporters


Innate Abilities, Weirdness & Mutations

Your natural rate of healing is accelerated.
You have razor-sharp teeth.
You have supernaturally acute eyesight. (SInv)
You are afflicted with vampirism and can become a bat while bloodless.


Message History

You closely miss the water moccasin.
The water moccasin is heavily wounded.
You feel sick. The water moccasin bites you.
You miss the water moccasin.
The water moccasin is heavily wounded.
You closely miss the water moccasin.
The water moccasin is heavily wounded.
You feel sick. The water moccasin barely misses you.
You hit the water moccasin.
The water moccasin is heavily wounded.
The water moccasin bites you!
You are more poisoned.
The water moccasin poisons you!
Okay, then.
Casting: Scorch (safe; 6% risk of failure)
Confirm with . or Enter, or press ? or * to list all spells.
Flames lash the water moccasin.
The water moccasin is severely wounded.
The water moccasin's fire resistance burns away.
You feel very sick. The water moccasin bites you!
* * * LOW HITPOINT WARNING * * *
Casting: Scorch (safe; 6% risk of failure)
Confirm with . or Enter, or press ? or * to list all spells.
You miscast Scorch.
You are very lightly contaminated with residual magic.
Nothing appears to happen.
* * * LOW HITPOINT WARNING * * *
You feel very sick. The water moccasin bites you.
* * * LOW HITPOINT WARNING * * *
You are lethally poisoned!
The water moccasin poisons you!
Casting: Scorch (safe; 6% risk of failure)
Confirm with . or Enter, or press ? or * to list all spells.
You miscast Scorch.
Nothing appears to happen.
* * * LOW HITPOINT WARNING * * *
You feel very sick. The water moccasin bites you.
You die...

#...# #.
#...............#
#[..###.##
##....##.#####..#
#........# ##.#.##.#
#..# #..####..#
##.#.....# #..#
#..###...###.###..###
#..# #....#.#....##
##... #..#
#.##.#...###.###..#
...#
#.##.###....#.#...#
#...
#......†......@S..#
...#
#.##..##....##.#......
#.#......#####.# #####
#.#...#### #.# #.....#
#.# ###..## #.# ....
#.# ##.. ...


You could see a water moccasin (combustible).

Vanquished Creatures
  A centaur zombie (D:5)
  2 hounds
  2 jellies (D:5)
  6 orc priests
  4 orc wizards (D:4)
  A hound skeleton (D:4)
  2 gnolls (D:1)
  6 adders
  A white imp (D:5)
  An adder skeleton (D:4)
  A dart slug (D:2)
  10 orcs
  8 ball pythons
  9 endoplasms
  4 giant cockroaches
  3 hobgoblins
  6 jackals
  4 quokkas
  2 bats
  A frilled lizard (D:3)
  3 goblins
  5 kobolds
  6 rats
88 creatures vanquished.

Notes
Turn   | Place    | Note
-------+----------+-------------------------------------------
     0 | D:1      | demenzo the Vampire Cinder Acolyte began the quest for the
                  | Orb.
     0 | D:1      | Reached XP level 1. HP: 17/17 MP: 2/2
   404 | D:1      | Reached XP level 2. HP: 23/23 MP: 3/3
   418 | D:1      | Reached skill level 1 in Stealth
   690 | D:1      | Gained mutation: You are afflicted with vampirism and can
                  | become a bat while bloodless. [Vampire growth]
   690 | D:1      | Reached XP level 3. HP: 28/28 MP: 5/5
   943 | D:1      | Found a faded altar of an unknown god.
  1579 | D:1      | Learned a level 2 spell: Scorch
  1621 | D:2      | Reached skill level 4 in Short Blades
  1704 | D:2      | You fall into a shaft and drop 2 floors!
  1782 | D:3      | Found Vihigg's Assorted Antiques.
  1794 | D:3      | Bought a grey potion for 19 gold pieces
  1794 | D:3      | Bought a scroll labelled ENNAEV BYZEPS for 22 gold pieces
  1794 | D:3      | Bought a scroll labelled SEARARRARIAN for 22 gold pieces
  1920 | D:2      | Found Ejont's Weapon Boutique.
  1954 | D:2      | Reached XP level 4. HP: 35/35 MP: 6/6
  3007 | D:3      | Found a shimmering blue altar of Sif Muna.
  3007 | D:3      | Found a shimmering altar of Xom.
  3008 | D:3      | Found a blossoming altar of Fedhas.
  3343 | D:4      | Found a staircase to the Ecumenical Temple.
  3348 | D:4      | Reached XP level 5. HP: 19/41 MP: 0/7
  3430 | Temple   | Entered the Ecumenical Temple
  3937 | D:3      | Reached skill level 5 in Short Blades
  4267 | D:3      | Reached XP level 6. HP: 47/47 MP: 2/9
  4938 | D:4      | Found a transporter.
  4940 | D:4      | Found a transporter.
  4942 | D:4      | Noticed a steam dragon
  5006 | D:4      | Found an ancient bone altar of Kikubaaqudgha.
  5048 | D:4      | Noticed a hornet
  5067 | D:4      | Found an ornate altar of the Wu Jian Council.
  5088 | D:4      | Found a transporter.
  5140 | D:4      | Found a staircase to the Ecumenical Temple.
  5366 | D:4      | Found an ancient bone altar of Kikubaaqudgha.
  5564 | D:5      | Entered Level 5 of the Dungeon
  5611 | D:3      | Bought a scroll labelled ENNAEV BYZEPS for 22 gold pieces
  5611 | D:3      | Bought a scroll labelled ENNAEV BYZEPS for 22 gold pieces
  5611 | D:3      | Bought a scroll labelled UFONNA TUWEQO for 22 gold pieces
  5741 | D:5      | Reached skill level 6 in Short Blades
  5760 | D:5      | Reached XP level 7. HP: 31/53 MP: 11/11
  5936 | D:5      | Slain by a water moccasin

Illustrated notes

Levels and vault maps discovered:
D:1:      saegor_arrival_simple_e, layout_basic,
          dilly_ecumenical_altar_fadedgnrine, minmay_liquid_box,
          glass_columns_a, minmay_tiny_reverse_x
D:2:      layout_basic, serial_shops, nicolae_shop_bloodbath_and_beyond,
          chequers_decorated_corner
D:3:      layout_loops_ring, gammafunk_temple_overflow_claw, serial_shops, shop
D:4:      layout_rooms, gammafunk_temple_overflow_arena,
          mainiacjoe_overflow_six_doors_small, minmay_temple_entry_proselytizer,
          serial_bayou_pond_b, ebering_dispersal_statue_hall, solitary_fountain
D:5:      layout_loops_ring, kennysheep_mini
Temple:   oiseaux_autumnal_temple

Skill      XL: |  1  2  3  4  5  6  7 |
---------------+----------------------+-----
Stealth        | 1 2 3 4 |  4.8
Fighting       | 3 4 |  4.0
Short Blades   | 4 5 6 |  6.2
Spellcasting   | 2 3 |  3.0
Fire Magic     | 3 |  3.0

Action                   |  1- 3 |  4- 6 |  7- 9 || total
-------------------------+-------+-------+-------++-------
Melee: Short sword       |   138 |    52 |       ||   190
       Bite              |    15 |     9 |     6 ||    30
       Staff             |       |     8 |       ||     8
       Punch             |       |     5 |       ||     5
       Dagger            |       |    35 |    24 ||    59
Throw: Boomerang         |     1 |     1 |       ||     2
 Cast: Scorch            |     1 |    60 |     1 ||    62
  Use: Scroll            |       |     1 |       ||     1
 Stab: Sleeping          |     2 |     3 |     2 ||     7
Armor: Robe              |     6 |       |       ||     6
       Leather armour    |    17 |    32 |     1 ||    50
Dodge: Dodged            |    73 |    73 |     9 ||   155
